 Dungeon Crawl Stone Soup version 0.17-a0-2093-gc772f4b (webtiles) character file.

3878 Ordine the Grappler (level 10, -4/100 HPs)
             Began as a Troll Monk on Oct 16, 2015.
             Slain by a centaur warrior (7 damage)
             ... on level 8 of the Dungeon.
             The game lasted 00:22:36 (6514 turns).

Ordine the Grappler (Troll Monk)                    Turns: 6514, Time: 00:22:36

Health: -4/100     AC:  6    Str: 26    XL:     10   Next: 0%
Magic:  9/9        EV: 10    Int: 10    God:
Gold:   417        SH: 11    Dex: 15    Spells: 0 memorised, 9 levels left

rFire  . . .     SeeInvis .       - Unarmed
rCold  . . .     Clarity  .     v - +1 robe {MR+}
rNeg   . . .     SustAt   +     A - +3 shield of the Orb Guardian {rElec Int+4}
rPois  .         Gourm    +     (helmet restricted)
rElec  +         Spirit   .     (no cloak)
rCorr  .         Warding  .     (gloves unavailable)
rMut   .         Stasis   .     (boots unavailable)
MR     +....                    (no amulet)
Stlth  ++........               (no ring)
                                j - ring of sustain attributes

@: mighty, very slightly contaminated, hasted, very quick, somewhat resistant to
hostile enchantments, unstealthy
A: unfitting armour, claws 3, fast metabolism 3, gourmand, regeneration 2,
shaggy fur 1, tough skin 2
a: no special abilities


You were on level 8 of the Dungeon.
You were completely stuffed.

You visited 2 branches of the dungeon, and saw 9 of its levels.

You collected 417 gold pieces.

Inventory:

Hand Weapons
 p - a +1 blowgun
Missiles
 a - 4 needles of frenzy
 c - 302 stones (quivered)
 o - 49 poisoned needles
 t - 2 poisoned tomahawks
Armour
 v - a +1 robe of magic resistance (worn)
 A - the +3 shield of the Orb Guardian (worn) {rElec Int+4}
   (You found it on level 7 of the Dungeon)

   It affects your intelligence (+4).
   It insulates you from electricity.
Jewellery
 j - a ring of sustain attributes (left claw)
Wands
 w - a wand of fireball (3)
Scrolls
 f - 2 scrolls of enchant armour
 r - 2 scrolls of fog
 u - a scroll of immolation
 y - a scroll of remove curse
Potions
 e - 2 potions of cancellation
 h - a potion of brilliance {unknown}
 i - a potion of flight
 m - a potion of haste
 n - a potion of poison {unknown}
 s - a potion of berserk rage {unknown}
 x - a potion of curing
Books
 q - a book of Air

   Spells                             Type                      Level
   a - Shock                          Conjuration/Air              1
   b - Swiftness                      Charms/Air                   2
   c - Repel Missiles                 Charms/Air                   2
   d - Static Discharge               Conjuration/Air              3
   e - Lightning Bolt                 Conjuration/Air              5
Comestibles
 b - 9 bread rations
 d - 2 beef jerkies
 l - a meat ration
 z - 2 chunks of flesh


   Skills:
 + Level 6.5 Fighting
 + Level 6.3 Dodging
 - Level 1.1 Stealth
 * Level 11.0 Unarmed Combat


You had 9 spell levels left.
You didn't know any spells.

Dungeon Overview and Level Annotations

Branches:
Dungeon (8/15)             Temple (1/1) D:6
   Lair: D:8-11

Altars:
Ashenzari
Cheibriados
Dithmenos
Elyvilon
Fedhas
Gozag
Kikubaaqudgha
Makhleb
Nemelex Xobeh
Okawaru
Qazlal
Ru
Sif Muna
Trog
Vehumet
Xom
Yredelemnul
Zin
The Shining One

Shops:
D:5 :


Innate Abilities, Weirdness & Mutations

You are too large for most types of armour.
You have claws for hands.
Your metabolism is lightning-fast.
You like to eat raw meat.
You heal very quickly.
You are covered in fur (AC +1).
You have very tough skin (AC +2).


Message History

Your Unarmed Combat skill increases to level 11!
You have reached level 10!
The centaur warrior shoots an arrow.
You block the arrow.
Unknown command.
You mangle the centaur warrior!!
The centaur warrior is moderately wounded.
The centaur warrior unwields an uncursed shortbow.
You block the centaur warrior's attack. The shadow imp hits you.
* * * LOW HITPOINT WARNING * * *
You mangle the centaur warrior!!
The centaur warrior is severely wounded.
The centaur warrior hits you!
* * * LOW HITPOINT WARNING * * *
You claw the centaur warrior!
The centaur warrior is almost dead.
The centaur warrior closely misses you. The shadow imp misses you.
You barely miss the centaur warrior.
The centaur warrior is almost dead.
The centaur warrior hits you!
You die...

.....###.a...#
...## #.......#..#
.... #.....Z.####
.... #..###J.#..#
#..# .... #.?....#
..... #..
#..#..###..# .
####.......# ...
#..#5c.....# ....
#..(@.###.....#
.....###.....#
...##
..........#..#
....
###.......#### ...
#..#....#..# .. #.
##......# ....
#..##.....###....#
#..##.#.........#
#.........#...###


You could see a centaur warrior and a shadow imp.

Vanquished Creatures
  The ghost of Ordine the Skirmisher, a novice OpFi (D:4)
  A slime creature (D:8)
  A wraith (D:8)
  A spriggan (D:7)
  2 water moccasins
  An ice beast (D:8)
  3 black bears
  A sky beast (D:7)
  2 phantoms
  An ogre (D:4)
  2 centaurs (D:6)
  5 giant frogs
  3 scorpions
  3 wights (D:6)
  2 crimson imps
  4 hounds
  A giant frog zombie (D:7)
  11 orc priests
  A jelly (D:5)
  10 orc wizards
  Jessica (D:3)
  2 giant frog skeletons
  A killer bee zombie (D:6)
  3 worker ants
  2 hound skeletons
  6 gnolls
  6 adders
  3 shadow imps
  An ooze (D:6)
  An adder skeleton (D:6)
  2 worms
  4 giant geckos
  33 orcs
  4 giant cockroaches
  6 goblins
  10 hobgoblins
  5 jackals
  10 kobolds
  5 quokkas
  A ball python (D:3)
  2 bats (D:1)
  5 giant newts
  A jackal zombie (D:6)
  A quokka zombie (D:7)
  10 rats
181 creatures vanquished.

Vanquished Creatures (others)
  A human (D:5)
  An orc priest (D:5)
  An orc wizard (D:6)
  2 orcs (D:5)
5 creatures vanquished.

Grand Total: 186 creatures vanquished

Notes
Turn   | Place    | Note
--------------------------------------------------------------
     0 | D:1      | Ordine the Troll Monk began the quest for the Orb.
     0 | D:1      | Reached XP level 1. HP: 22/22 MP: 0/0
   142 | D:1      | Reached XP level 2. HP: 23/29 MP: 1/1
   662 | D:2      | Reached XP level 3. HP: 36/36 MP: 2/2
   762 | D:2      | Found a snail-covered altar of Cheibriados.
   767 | D:2      | Found a shadowy altar of Dithmenos.
   767 | D:2      | Found a shimmering altar of Xom.
  1250 | D:3      | Reached XP level 4. HP: 38/45 MP: 3/3
  1262 | D:3      | Noticed Jessica
  1278 | D:3      | Killed Jessica
  1278 | D:3      | Reached skill level 5 in Unarmed Combat
  1519 | D:3      | Reached XP level 5. HP: 36/53 MP: 4/4
  1520 | D:3      | Found a shattered altar of Ashenzari.
  1885 | D:3      | Found a white marble altar of Elyvilon.
  1888 | D:3      | Found a bloodstained altar of Trog.
  1893 | D:3      | Found an iron altar of Okawaru.
  2188 | D:4      | Found a deep blue altar of Sif Muna.
  2391 | D:4      | Noticed Ordine's ghost (novice OpFi)
  2403 | D:4      | Killed Ordine's ghost
  2403 | D:4      | Reached skill level 6 in Unarmed Combat
  2403 | D:4      | Reached XP level 6. HP: 62/62 MP: 5/5
  2403 | D:4      | Reached XP level 7. HP: 70/70 MP: 6/6
  2553 | D:4      | Noticed a phantom
  2568 | D:4      | Killed a phantom
  2568 | D:4      | Reached skill level 7 in Unarmed Combat
  2881 | D:5      | Entered Level 5 of the Dungeon
  3161 | D:5      | Found Nof Waaw's Book Boutique.
  3313 | D:5      | Reached XP level 8. HP: 36/79 MP: 7/7
  3445 | D:5      | Found a stormy altar of Qazlal.
  3628 | D:5      | Reached skill level 8 in Unarmed Combat
  3720 | D:5      | Found an ancient bone altar of Kikubaaqudgha.
  3722 | D:5      | Noticed a human
  3724 | D:5      | Killed a human
  3977 | D:6      | Found a blossoming altar of Fedhas.
  4004 | D:6      | Reached skill level 5 in Fighting
  4316 | D:6      | Reached skill level 5 in Dodging
  4337 | D:6      | Reached skill level 9 in Unarmed Combat
  4572 | D:6      | Reached XP level 9. HP: 67/88 MP: 8/8
  4943 | D:6      | Found a staircase to the Ecumenical Temple.
  4954 | Temple   | Entered the Ecumenical Temple
  5573 | D:7      | Reached skill level 10 in Unarmed Combat
  5721 | D:7      | Got a polished shield
  5727 | D:7      | Identified the +3 shield of the Orb Guardian {rElec Int+4} (You found it on level 7 of the Dungeon)
  5933 | D:7      | Found a glowing silver altar of Zin.
  6307 | D:8      | Found an iron altar of Okawaru.
  6479 | D:8      | Noticed a centaur warrior
  6509 | D:8      | Reached skill level 11 in Unarmed Combat
  6509 | D:8      | Reached XP level 10. HP: 11/100 MP: 9/9
  6512 | D:8      | HP: 2/100 [centaur warrior (8)]
  6514 | D:8      | Slain by a centaur warrior

Vault maps used:
D:1:      shiori_arrival_oz
D:2:      grunt_temple_overflow_open
D:3:      overflow_temple_1_default, grunt_temple_overflow_diamond,
          kennysheep_generic_room_7, uniq_jessica
D:4:      tgw_sif, first_bread
D:5:      nicolae_qazlal_eye_of_the_storm, serial_shops,
          nicolae_shop_behind_doors, tgw_kikubaaqudgha
D:6:      fedhas_altar_3, minmay_temple_entry_trees
D:7:      zin_academy, the_bakery
D:8:      hangedman_cross_cluster, serial_shops, nicolae_shop_crystal,
          serial_ice, serial_ice_d, serial_ice_n, serial_ice_b, serial_ice_l,
          st_stairs_9
Temple:   cyrus_temple_forest_13

Action                   |  1- 3 |  4- 6 |  7- 9 | 10-12 || total
-------------------------+-------+-------+-------+-------++-------
Melee: Unarmed           |   101 |    60 |   328 |     4 ||   493
  Use: Scroll            |     5 |     4 |    11 |       ||    20
       Potion            |       |     1 |    10 |       ||    11
 Stab: Sleeping          |     5 |       |     5 |       ||    10
       Distracted        |       |       |     1 |       ||     1
  Eat: Chunk             |    15 |    10 |    40 |       ||    65
